 Dungeon Crawl Stone Soup version 0.22.0-13-g43fe8f24b8 (webtiles) character file.

286 IceCat the Charmwright (level 6, -2/50 HPs)
             Began as a Gnoll Skald on Aug 17, 2018.
             Killed by divine providence
             ... invoked by an orc priest
              (13 damage)
             ... on level 4 of the Dungeon.
             The game lasted 00:10:43 (3499 turns).

IceCat the Charmwright (Gnoll Skald)                Turns: 3499, Time: 00:10:43

Health: -2/50      AC:  6    Str: 16    XL:     6   Next: 30%
Magic:  17/23      EV: 13    Int: 15    God:
Gold:   240        SH:  0    Dex: 14    Spells: 7/15 levels left

rFire    . . .     SeeInvis .     - Unarmed
rCold    . . .     Gourm    .   (no shield)
rNeg     . . .     Faith    .   n - +0 ring mail
rPois    .         Spirit   .   (no helmet)
rElec    .         Reflect  .   (no cloak)
rCorr    .         Harm     .   (no gloves)
MR       .....                  r - +0 pair of boots
Stlth    +.........             (no amulet)
HPRegen  0.16/turn              b - ring of magical power
MPRegen  0.18/turn              (no ring)

@: shrouded
A: distributed training, fangs 1, strong nose
a: no special abilities


You were on level 4 of the Dungeon.
You were not hungry.

You visited 1 branch of the dungeon, and saw 4 of its levels.

You collected 240 gold pieces.

Inventory:

Armour
 a - a +0 leather armour
 n - a +0 ring mail (worn)
 r - a +0 pair of boots (worn)
Jewellery
 b - a ring of magical power (left hand)
 o - an uncursed ring of wizardry {unknown}
 q - a cursed ring of attention {unknown}
Wands
 e - a wand of iceblast (4)
Scrolls
 d - 4 scrolls of teleportation {unknown}
 h - 4 scrolls of identify {unknown}
 i - 2 scrolls of amnesia {unknown}
 j - a scroll of random uselessness {unknown}
 l - 2 scrolls of remove curse {unknown}
 p - a scroll of fear {unknown}
Potions
 f - a potion of flight {unknown}
 g - a potion of ambrosia {unknown}
 k - a potion of curing {unknown}
 s - a potion of invisibility {unknown}
Comestibles
 c - 5 rations


   Skills:
 + Level 4.9 Fighting
 + Level 1.8 Short Blades
 + Level 1.8 Long Blades
 + Level 1.8 Axes
 + Level 1.8 Maces & Flails
 + Level 1.8 Polearms
 + Level 1.8 Staves
 + Level 1.8 Slings
 + Level 1.8 Bows
 + Level 1.8 Crossbows
 + Level 1.8 Throwing
 + Level 3.2 Armour
 + Level 4.9 Dodging
 + Level 1.8 Stealth
 + Level 1.8 Shields
 + Level 4.9 Unarmed Combat
 + Level 5.3 Spellcasting
 + Level 1.4 Conjurations
 + Level 1.4 Hexes
 + Level 5.6 Charms
 + Level 1.4 Summonings
 + Level 1.4 Necromancy
 + Level 1.4 Translocations
 + Level 1.4 Transmutations
 + Level 1.4 Fire Magic
 + Level 1.4 Ice Magic
 + Level 1.4 Air Magic
 + Level 1.4 Earth Magic
 + Level 1.4 Poison Magic
 + Level 2.0 Invocations
 + Level 1.8 Evocations


You had 7 spell levels left.
You knew the following spells:

 Your Spells              Type           Power        Failure   Level  Hunger
a - Infusion              Chrm           ###.         3%          1    None
b - Song of Slaying       Chrm           ###.....     4%          2    #......
c - Shroud of Golubria    Chrm/Tloc      ##........   11%         2    #......
d - Regeneration          Chrm/Necr      ##........   21%         3    ###....

Your spell library contained the following spells:

 Spells                   Type           Power        Failure   Level  Hunger
 Apportation              Tloc           #.....       16%         1    None
 Summon Small Mammal      Summ           #...         16%         1    None
 Animate Skeleton         Necr           N/A          16%         1    None
 Confusing Touch          Hex            #.....       16%         1    None
 Spectral Weapon          Hex/Chrm       ##......     21%         3    ###....


Dungeon Overview and Level Annotations

Branches:
Dungeon (4/15)
 Temple: D:4-7

Altars:
Elyvilon
Hepliaklqana
Kikubaaqudgha
Okawaru
Vehumet
Yredelemnul
Zin


Innate Abilities, Weirdness & Mutations

Your experience applies equally to all skills.
You have very sharp teeth.
Your uncanny sense of smell can sniff out nearby items.


Message History

Beogh smites you!
* * * LOW HITPOINT WARNING * * *
You barely miss the orc priest. Your bite misses the orc priest.
The orc priest barely misses you.
You hit the orc priest but do no damage.
You bite the orc priest, but do no damage.
The orc priest barely misses you.
You hit the orc priest.
The orc priest is moderately wounded.
You barely miss the orc priest.
The orc priest is moderately wounded.
The orc priest hits you but does no damage.
You barely miss the orc priest. Your bite misses the orc priest.
The orc priest is moderately wounded.
Your shroud bends the orc priest's attack away.
You hit the orc priest.
The orc priest is moderately wounded.
The orc priest calls down the wrath of Beogh upon you.
Beogh smites you!
You die...

# #.# #.##.#
#.#####.# #o##..
###.....#.#### #o#
........g....# #.#
######.#.##.#####.#
#.#.##.o.[.#.#
#.#.######.#.###.(
#o#......oo..$....
#@#############..#
#)# .. #######.# .
.......<# #########


You could see an orc priest and a goblin.

Vanquished Creatures
  2 orc priests (D:4)
  A hound (D:4)
  3 orc wizards
  An adder (D:2)
  2 oozes (D:3)
  2 worms
  3 leopard geckos
  10 orcs
  4 giant cockroaches
  7 goblins
  11 hobgoblins
  7 jackals
  A quokka (D:3)
  9 bats
  4 frilled lizards
  4 kobolds
  8 rats
79 creatures vanquished.

Notes
Turn   | Place    | Note
-------+----------+-------------------------------------------
     0 | D:1      | IceCat the Gnoll Skald began the quest for the Orb.
     0 | D:1      | Reached XP level 1. HP: 20/20 MP: 6/6
   156 | D:1      | Reached XP level 2. HP: 26/26 MP: 7/7
   870 | D:2      | Found an ancient bone altar of Kikubaaqudgha.
  1075 | D:2      | Reached XP level 3. HP: 31/31 MP: 9/9
  1135 | D:2      | Learned a level 2 spell: Song of Slaying
  1138 | D:2      | Learned a level 2 spell: Shroud of Golubria
  1150 | D:2      | Reached skill level 5 in Spellcasting
  1155 | D:2      | Found a hazy altar of Hepliaklqana.
  1236 | D:2      | Found an iron altar of Okawaru.
  1267 | D:2      | Reached skill level 1 in Invocations
  1591 | D:2      | Found a glowing silver altar of Zin.
  1591 | D:2      | Noticed an angel
  2003 | D:2      | Reached skill level 1 in Short Blades
  2003 | D:2      | Reached skill level 1 in Long Blades
  2003 | D:2      | Reached skill level 1 in Axes
  2003 | D:2      | Reached skill level 1 in Maces & Flails
  2003 | D:2      | Reached skill level 1 in Polearms
  2003 | D:2      | Reached skill level 1 in Staves
  2003 | D:2      | Reached skill level 1 in Slings
  2003 | D:2      | Reached skill level 1 in Bows
  2003 | D:2      | Reached skill level 1 in Crossbows
  2003 | D:2      | Reached skill level 1 in Throwing
  2003 | D:2      | Reached skill level 1 in Stealth
  2003 | D:2      | Reached skill level 1 in Shields
  2003 | D:2      | Reached skill level 1 in Evocations
  2155 | D:3      | Reached XP level 4. HP: 38/38 MP: 11/11
  2209 | D:3      | Learned a level 3 spell: Regeneration
  2240 | D:3      | You fall through a shaft!
  2247 | D:4      | Found a white marble altar of Elyvilon.
  2252 | D:4      | Noticed a phantom
  2298 | D:4      | Noticed an ice beast
  2622 | D:3      | Reached skill level 1 in Conjurations
  2622 | D:3      | Reached skill level 1 in Hexes
  2622 | D:3      | Reached skill level 1 in Summonings
  2622 | D:3      | Reached skill level 1 in Necromancy
  2622 | D:3      | Reached skill level 1 in Translocations
  2622 | D:3      | Reached skill level 1 in Transmutations
  2622 | D:3      | Reached skill level 1 in Fire Magic
  2622 | D:3      | Reached skill level 1 in Ice Magic
  2622 | D:3      | Reached skill level 1 in Air Magic
  2622 | D:3      | Reached skill level 1 in Earth Magic
  2622 | D:3      | Reached skill level 1 in Poison Magic
  2702 | D:3      | Reached XP level 5. HP: 19/43 MP: 12/12
  2747 | D:3      | Found a basalt altar of Yredelemnul.
  3202 | D:4      | Found a radiant altar of Vehumet.
  3223 | D:4      | Reached XP level 6. HP: 26/50 MP: 13/13
  3499 | D:4      | Killed from afar by an orc priest

Skill      XL: |  1  2  3  4  5 |
---------------+----------------+-----
Spellcasting   | 5 |  5.3
Invocations    | 1 2 |  2.0
Short Blades   | 1 |  1.8
Long Blades    | 1 |  1.8
Axes           | 1 |  1.8
Maces & Flails | 1 |  1.8
Polearms       | 1 |  1.8
Staves         | 1 |  1.8
Slings         | 1 |  1.8
Bows           | 1 |  1.8
Crossbows      | 1 |  1.8
Throwing       | 1 |  1.8
Stealth        | 1 |  1.8
Shields        | 1 |  1.8
Evocations     | 1 |  1.8
Conjurations   | 1 |  1.4
Hexes          | 1 |  1.4
Summonings     | 1 |  1.4
Necromancy     | 1 |  1.4
Translocations | 1 |  1.4
Transmutations | 1 |  1.4
Fire Magic     | 1 |  1.4
Ice Magic      | 1 |  1.4
Air Magic      | 1 |  1.4
Earth Magic    | 1 |  1.4
Poison Magic   | 1 |  1.4
Armour         | 3 |  3.2
Fighting       | |  4.9
Dodging        | |  4.9
Unarmed Combat | |  4.9
Charms         | |  5.6

Action                   |  1- 3 |  4- 6 || total
-------------------------+-------+-------++-------
Melee: Unarmed           |   130 |   151 ||   281
       Bite              |    15 |    13 ||    28
       Punch             |     4 |     3 ||     7
 Cast: Shroud of Golubri |     1 |     7 ||     8
       Infusion          |       |     2 ||     2
       Regeneration      |       |     6 ||     6
  Use: Potion            |       |     1 ||     1
 Stab: Sleeping          |     2 |       ||     2
       Distracted        |     1 |       ||     1
  Eat: Chunk             |     2 |     7 ||     9
Armor: Leather armour    |    35 |     2 ||    37
       Ring mail         |       |    31 ||    31
Dodge: Dodged            |   103 |    88 ||   191
